 Dungeon Crawl Stone Soup version 0.31-a0-152-g6aa68a64a1 (webtiles) character file.

Game seed: 2787331187575407300

5 qw the Shooter (level 1, -1/19 HPs)
             Began as a Naga Hunter on June 9, 2023.
             Slain by a hobgoblin (2 damage)
             ... on level 1 of the Dungeon.
             The game lasted 00:00:02 (58 turns).

qw the Shooter (Naga Hunter)                          Turns: 58, Time: 00:00:03

Health: -1/19      AC:  1    Str: 13    XL:     1   Next: 80%
Magic:  1/1        EV:  9    Int:  9    God:
Gold:   11         SH:  0    Dex: 14    Spells: 0/0 levels left

rFire   . . .        a - +0 shortbow
rCold   . . .        (shield currently unavailable)
rNeg    . . .        c - +0 leather armour
rPois   +            (no helmet)
rElec   .            (no cloak)
rCorr   .            (no gloves)
SInv    +            (no barding)
Will    .....        (no amulet)
Stlth   ++           (no ring)
HPRegen 0.23/turn    (no ring)
MPRegen 0.07/turn

%: no passive effects
@: very slow
A: AC +0, large, see invisible, deformed body, poison resistance, slowness 2,
spit poison 1, naga tail 1
a: Spit Poison


You were on level 1 of the Dungeon.
You visited 1 branch of the dungeon, and saw 1 of its levels.

You collected 11 gold pieces.


Innate Abilities, Weirdness & Mutations

Your serpentine skin is tough. (AC +0)
You have supernaturally acute eyesight. (SInv)
Armour fits poorly on your strangely shaped body.
Your system is resistant to poisons. (rPois)
You cover ground very slowly.
You can spit poison.
You have a snake-like lower body.


   Skills:
 - Level 2.0 Fighting
 + Level 3.9 Ranged Weapons
 - Level 1.5 Dodging
 - Level 1.5 Stealth


You couldn't memorise any spells.
You didn't know any spells.
Your spell library was empty.

Inventory:

Hand Weapons
 a - a +0 shortbow (weapon)
Armour
 c - a +0 leather armour (worn)
Scrolls
 b - a scroll of butterflies
 d - a scroll of poison {unknown}
 e - a scroll of magic mapping {unknown}

Dungeon Overview and Level Annotations

Branches:
Dungeon (1/15)

Altars:


Message History

You have got your breath back.
The jackal bites you. The jackal barely misses you.
The jackal bites you but does no damage.
The jackal closely misses you.
A dart slug comes into view.
52 ||| INVOKING Spit Poison.
Aiming: Spit Poison (3% risk of failure)
Press: ? - help, Shift-Dir - straight line, f/p - jackal The splash of poison hits the jackal!
The jackal is poisoned.
You kill the jackal!
The jackal bites you. The jackal barely misses you.
The dart slug briefly extends its eye-stalks.
You shoot an arrow. The arrow hits the ball python.
The ball python is severely wounded.
The ball python closely misses you. The jackal bites you.
The ball python bites you.
You shoot an arrow.
The arrow barely misses the ball python.
The jackal barely misses you. The ball python closely misses you.
A rat comes into view.
The jackal barely misses you.
You shoot an arrow. The arrow hits the ball python.
You kill the ball python!
You have got your breath back.
The jackal closely misses you.
The hobgoblin throws a stone.
The stone hits you.
The jackal bites you but does no damage.
56 ||| INVOKING Spit Poison.
Aiming: Spit Poison (3% risk of failure)
Press: ? - help, Shift-Dir - straight line, f - hobgoblin The splash of poison misses the hobgoblin.
The jackal closely misses you. The hobgoblin hits you. The jackal bites you.
You shoot an arrow. The arrow hits the hobgoblin.
The hobgoblin is moderately wounded.
The jackal bites you. The hobgoblin barely misses you.
You shoot an arrow. The arrow hits the hobgoblin.
The hobgoblin is almost dead.
You have got your breath back.
The jackal bites you but does no damage.
The hobgoblin hits you.
You die...

# #......# #####......#
#..........#
#..........#
#..........##
..<.........# .
#....8....#.### ##..#
#.....7...#...####...!#
#.........###...@gw.#
#......... #####h..#
#......... .>.#
########## #.... ...##
.#.# #.# #


You could see a dart slug, a jackal and a hobgoblin.

Vanquished Creatures
  A ball python (D:1)
  2 jackals (D:1)
  A frilled lizard (D:1)
  A goblin (D:1)
5 creatures vanquished.

Notes
Turn   | Place    | Note
-------+----------+-------------------------------------------
     0 | D:1      | qw the Naga Hunter began the quest for the Orb.
     0 | D:1      | Reached XP level 1. HP: 19/19 MP: 1/1
     0 | D:1      | 0 ||| qw: Version: 0.2-a-122-gbc61b45
     0 | D:1      | 0 ||| qw: Game counter: 3430
     0 | D:1      | 0 ||| qw: Always use a shield: true
     0 | D:1      | 0 ||| qw: God list: Okawaru
     0 | D:1      | 0 ||| qw: Allow faded altars: false
     0 | D:1      | 0 ||| qw: Do Orc after D:15 true
     0 | D:1      | 0 ||| qw: Do second Lair branch before Depths: true
     0 | D:1      | 0 ||| qw: Lair rune preference: random
     0 | D:1      | 0 ||| qw: Plans: Normal
     0 | D:1      | 0 ||| PLANNING D:1-11
     8 | D:1      | 8 ||| INVOKING Spit Poison.
    46 | D:1      | 46 ||| INVOKING Spit Poison.
    47 | D:1      | 47 ||| INVOKING Spit Poison.
    52 | D:1      | 52 ||| INVOKING Spit Poison.
    56 | D:1      | 56 ||| INVOKING Spit Poison.
    56 | D:1      | HP: 3/19 [jackal (2)]
    57 | D:1      | HP: 1/19 [jackal (2)]
    58 | D:1      | Slain by a hobgoblin

Levels and vault maps discovered:
D:1:      wander_arrival_peaceful_grave, layout_basic

Action                     || total
---------------------------++-------
   Fire: Shortbow          ||    11
Ability: Spit Poison       ||     4
 Armour: Leather armour    ||     4
  Dodge: Dodged            ||    15

Table legend:
 A = Non-vault XP
 B = Vault XP
 C = Vault XP percentage of total XP
 D = Non-vault monster count
 E = Vault monster count
 F = Vault count percentage of total count
                 A         B        C        D         E       F
            +---------+---------+-------+---------+---------+-------
      Total |       8 |       0 |   0.0 |       5 |       0 |   0.0
            +---------+---------+-------+---------+---------+-------
        D:1 |       8 |       0 |   0.0 |       5 |       0 |   0.0
            +---------+---------+-------+---------+---------+-------
